 Dungeon Crawl Stone Soup version 0.30.1-9-gdf580d7c3d (webtiles) character file.

Game seed: 7811580720030915224

443 GeoRichter the Slasher (level 7, 0/30 (49) HPs)
             Began as a Djinni Reaver on Oct 6, 2023.
             Slain by a gnoll
             ... wielding a +0 whip of distortion
             ... led by a gnoll bouda
              (5 damage)
             ... on level 5 of the Dungeon on Oct 7, 2023.
             The game lasted 00:07:36 (4222 turns).

GeoRichter the Slasher (Djinni Reaver)              Turns: 4222, Time: 00:07:36

HP:   0/30 (49)     AC:  3    Str: 11    XL:     7   Next: 23%
Gold: 217           EV: 11    Int: 17    God:
                    SH:  0    Dex: 11

rFire   + + .        a - +0 falchion
rCold   x . .        (no shield)
rNeg    . . .        b - +0 leather armour
rPois   ∞            (no helmet)
rElec   .            (no cloak)
rCorr   .            (no gloves)
SInv    .            (boots unavailable)
Will    .....        (no amulet)
Stlth   +            o - ring of wizardry
HPRegen 0.25/turn    (no ring)
MPRegen 0.00/turn

%: wizardry (x1), infuse magic (-1 HP)
@: flying, very heavily drained
A: sickness immunity, fire resistance 2, cold vulnerability 1, float, innate
caster, HP casting, extra vitality 1
a: no special abilities


You were on level 5 of the Dungeon.
You visited 1 branch of the dungeon, and saw 5 of its levels.

You collected 217 gold pieces.

Inventory:

Hand Weapons
 a - a +0 falchion (weapon)
Armour
 b - a +0 leather armour (worn)
Jewellery
 o - a ring of wizardry (left hand)
   (You found it on level 3 of the Dungeon)
Scrolls
 c - a scroll of silence {unknown}
 f - 2 scrolls of immolation {!r}
 h - a scroll of identify {@r1}
 i - 2 scrolls of teleportation {@r4}
 k - 2 scrolls of enchant weapon
 l - a scroll of noise {unknown}
 m - 2 scrolls of enchant armour {unknown}
 p - 5 scrolls of blinking
Potions
 d - 3 potions of curing {@q1}
 e - 2 potions of haste {@q3}
 g - a potion of invisibility
 j - a potion of ambrosia {unknown}
 n - a potion of resistance {unknown}


   Skills:
 - Level 2.8 Fighting
 * Level 5.5 Long Blades
 - Level 2.1 Dodging
 - Level 4.0 Spellcasting


You knew the following spells:

 Your Spells              Type           Power      Damage    Failure   Level
a - Kiss of Death         Conj/Necr      68%        2d10      1%          1
b - Momentum Strike       Conj/Tloc      34%        3d8       2%          2
c - Hailstorm             Conj/Ice       17%        3d6       4%          3
d - Magic Dart            Conj           68%        1d6       1%          1
e - Lesser Beckoning      Tloc           34%        N/A       2%          2
f - Gell's Gravitas       Tloc           17%        N/A       4%          3
Your spell library was empty.

Dungeon Overview and Level Annotations

Branches:
Dungeon (5/15) Zot: 25744
 Temple: D:4-7

Altars:
Okawaru
Wu Jian
Xom

Annotations:
D:5 1 runed translucent door, Blork the orc


Innate Abilities, Weirdness & Mutations

You are immune to sickness and miasma.
You are immune to poison.
Your flesh is very heat resistant. (rF++)
You are vulnerable to cold. (rC-)
You float through the air rather than walking.
You learn spells naturally, not from books.
Your magical power is your life essence.
You have superior vitality. (+4 MHP)


Message History

The adder is lightly wounded.
Aiming: Magic Dart (safe; 1% risk of failure)
Press: ? - help, Q - select action, (/) - cycle Shift-Dir - straight line, f/p - adder
Aim: an adder (lightly wounded, 100% to hit)
The magic dart hits the adder but does no damage.
The adder is lightly wounded.
Aiming: Magic Dart (safe; 1% risk of failure)
Press: ? - help, Q - select action, (/) - cycle Shift-Dir - straight line, f/p - adder
Aim: an adder (lightly wounded, 100% to hit)
The magic dart hits the adder.
The adder is moderately wounded.
The adder bites you but does no damage.
You fly upwards.
There is a stone staircase leading down here.
You closely miss the adder.
The adder is moderately wounded.
The adder bites you but does no damage. The adder bites you.
You hit the adder.
The adder is heavily wounded.
The adder misses you.
You miss the adder.
The adder is heavily wounded.
The adder bites you.
You miss the adder.
The adder is heavily wounded.
The adder bites you. The adder bites you but does no damage.
You hit the adder.
You kill the adder!
No target in view!
You start resting.
HP restored.
There is a stone staircase leading down here.
You fly downwards.
Level annotation: 1 runed translucent door, Blork the orc
There is a stone staircase leading up here.
The magic dart hits Blork the orc.
Blork the orc is lightly wounded.
You can't see any susceptible monsters within range! (Use Z to cast anyway.)
You fly upwards.
There is a stone staircase leading down here.
There is a stone staircase leading down here.
You fly downwards.
Level annotation: 1 runed translucent door, Blork the orc The gnoll bouda shouts!
The gnoll shouts! x3; You hear a shout!
The gnoll hits you with a +0 whip of distortion!
Space warps horribly around you!!
Ouch! That really hurt!
* * * LOW HITPOINT WARNING * * *
The gnoll hits you with a +0 whip of distortion.
You die...

## #.### ... #.
...# .... #.
...#.###. #.
#..#.#p+.
#.###.!..###.
######...gg.#....
#.................
....##...........
.. #.g@....r.$#
#...g...##..
#.......# #
#...Z....#
.........#
..........#
......######
########


You could see a gnoll bouda, 3 gnolls, a quokka, a kobold skeleton and a neutral
human (wandering).

Vanquished Creatures
  2 ogres (D:4)
  A scorpion (D:4)
  An orc priest (D:4)
  A jelly (D:4)
  A sleepcap (D:4)
  2 gnolls (D:3)
  4 adders
  An ufetubus (D:4)
  A dart slug (D:1)
  3 orcs (D:4)
  7 ball pythons
  4 endoplasms
  2 giant cockroaches (D:2)
  12 goblins
  6 hobgoblins
  4 jackals
  5 quokkas
  5 bats
  3 kobolds
  7 rats
72 creatures vanquished.

Notes
Turn   | Place    | Note
-------+----------+-------------------------------------------
     0 | D:1      | GeoRichter the Djinni Reaver began the quest for the Orb.
     0 | D:1      | GeoRichter set off with the following spells memorised:
                  | Kiss of Death, Momentum Strike, Hailstorm.
     0 | D:1      | Reached XP level 1. HP: 18/18 MP: 0/0
   129 | D:1      | Reached XP level 2. HP: 23/23 MP: 0/0
   526 | D:1      | Reached XP level 3. HP: 21/24 MP: 0/0
   526 | D:1      | Learned a level 1 spell: Magic Dart
   931 | D:2      | Found a faded altar of an unknown god.
  1150 | D:2      | Found a shimmering altar of Xom.
  1371 | D:2      | Reached XP level 4. HP: 27/32 MP: 0/0
  2539 | D:3      | Found a shimmering altar of Xom.
  2600 | D:4      | Found an ornate altar of the Wu Jian Council.
  2680 | D:4      | Reached XP level 5. HP: 20/37 MP: 0/0
  2680 | D:4      | Learned a level 2 spell: Lesser Beckoning
  2791 | D:4      | Found an iron altar of Okawaru.
  2855 | D:4      | Noticed an ogre
  3077 | D:4      | Reached skill level 3 in Long Blades
  3480 | D:4      | Noticed an ogre
  3494 | D:4      | Killed an ogre
  3495 | D:4      | Reached skill level 4 in Long Blades
  3495 | D:4      | Reached XP level 6. HP: 21/33 MP: 0/0
  3688 | D:4      | Killed an ogre
  3689 | D:4      | Reached skill level 5 in Long Blades
  3752 | D:4      | Reached XP level 7. HP: 11/32 MP: 0/0
  3752 | D:4      | Learned a level 3 spell: Gell's Gravitas
  4052 | D:5      | Entered Level 5 of the Dungeon
  4052 | D:5      | Noticed Blork the orc
  4090 | D:5      | Noticed a human
  4090 | D:5      | Found a runed translucent door.
  4222 | D:5      | Slain by a gnoll

Illustrated notes

Levels and vault maps discovered:
D:1:      heliophobic_arrival_glass_houses, layout_basic, chequers_big_river
D:2:      layout_loops_ring, hellmonk_ecumenical_altar_leap_of_faith,
          basic_altar
D:3:      layout_loops_ring, tgw_xom
D:4:      layout_loops_ring, nzn_wu_jian_contemplation, marbit_many_paths,
          serial_park_tiny_2, mrwooster_statue_mirror, roderic_roman_lattice,
          minivault_19, chequers_serial_rivers_micro_c, minmay_pentomino_pile
D:5:      layout_basic, dk_yredelemnul_ordeal, mainiacjoe_overflow_tiny_flanked,
          solitary_fountain, uniq_blork_the_orc

Skill      XL: |  1  2  3  4  5  6 |
---------------+-------------------+-----
Spellcasting   | 3 4 |  4.0
Long Blades    | 4 5 |  5.5
Fighting       | |  2.8
Dodging        | |  2.1

Action                     |  1- 3 |  4- 6 |  7- 9 || total
---------------------------+-------+-------+-------++-------
  Melee: Falchion          |    65 |    60 |    10 ||   135
         Punch             |       |     1 |       ||     1
   Cast: Kiss of Death     |     1 |     7 |     1 ||     9
         Magic Dart        |    34 |    73 |     4 ||   111
    Use: Potion            |       |     2 |       ||     2
         Scroll            |       |       |     6 ||     6
   Stab: Invisible         |       |     3 |       ||     3
 Armour: Leather armour    |    27 |    27 |     4 ||    58
  Dodge: Dodged            |    34 |    65 |     2 ||   101
